 Dungeon Crawl Stone Soup version 0.20.0-8-g6b59dc7 (webtiles) character file.

221933 Gorglomux the Spry (level 19, -9/232 HPs)
             Began as a Merfolk Transmuter on May 31, 2017.
             Was the Champion of Cheibriados.
             Hit by a steel javelin thrown by a merfolk javelineer (23 damage)
             ... on level 4 of the Shoals.
             The game lasted 02:03:23 (36997 turns).

Gorglomux the Spry (Merfolk Transmuter)            Turns: 36997, Time: 02:03:24

Health: -9/232     AC: 16    Str: 36    XL:     19   Next: 22%
Magic:  9/32       EV: 20    Int: 34    God:    Cheibriados [******]
Gold:   3564       SH:  6    Dex: 30    Spells: 4/37 levels left

rFire    + + +     SeeInvis .     - Unarmed
rCold    x . .     Gourm    .   (shield currently unavailable)
rNeg     . . .     Faith    .   (armour currently unavailable)
rPois    +         Spirit   .   (helmet currently unavailable)
rElec    .         Reflect  +   (cloak currently unavailable)
rCorr    .         Harm     .   (gloves currently unavailable)
MR       +....                  (boots currently unavailable)
Stlth    ++........             t - +6 amulet of reflection
Regen    0.5/turn               f - ring of protection from fire
MPRegen  0.3/turn               y - ring of wizardry

@: dragon-form, flying, very slightly contaminated, very slow
A: (change form in water), (swift swim), (stealthy swim)
}: 1/15 runes: serpentine
a: End Transformation, Bend Time, Temporal Distortion, Slouch, Step From Time,
Renounce Religion, Breathe Fire


You were on level 4 of the Shoals.
You worshipped Cheibriados.
Cheibriados was exalted by your worship.
You were near starving.
You were a fearsome dragon!
You visited 6 branches of the dungeon, and saw 32 of its levels.
You also visited: Bailey and Ice Cave.

You collected 3666 gold pieces.
You spent 102 gold pieces at shops.

Inventory:

Missiles
 a - 768 arrows
 Z - 6 throwing nets (quivered)
Armour
 i - a scarf of resistance (melded)
 k - a +2 hat (melded)
 n - a +1 cloak of magic resistance
 W - the +1 robe of Ufich (melded) {rC+ Stlth+}
   (You found it on level 14 of the Dungeon)

   It protects you from cold.
   It makes you more stealthy.
Jewellery
 f - a ring of protection from fire (left foreclaw)
 g - an uncursed ring of resist corrosion
 s - an uncursed ring of see invisible
 t - a +6 amulet of reflection (around neck)
 y - a ring of wizardry (right foreclaw)
Wands
 A - a wand of acid (1/15)
 D - a wand of digging (10/24)
 I - a wand of iceblast (3/15)
 L - a wand of iceblast (4/15)
 O - a wand of clouds (8/9)
 S - a wand of scattershot (4/9)
 V - a wand of digging (8/24)
Scrolls
 e - a scroll of brand weapon
 h - 4 scrolls of amnesia
 v - 2 scrolls of fog
 x - 4 scrolls of recharging
 B - 2 scrolls of blinking
 C - 8 scrolls of enchant armour
 H - 19 scrolls of remove curse
 K - 2 scrolls of enchant weapon
 M - 2 scrolls of magic mapping
 R - a scroll of identify
 T - 3 scrolls of teleportation
Potions
 b - 2 potions of lignification
 c - 2 potions of invisibility
 l - 2 potions of magic
 q - 6 potions of brilliance
 u - a potion of cancellation
 w - 5 potions of mutation {!q}
 E - a potion of heal wounds
 F - 2 potions of resistance
 G - 5 potions of agility
 N - 3 potions of might
 Q - 6 potions of curing
 X - 3 potions of ambrosia
 Y - 5 potions of flight
Books
 j - a book of Transfigurations

   Spells                             Type                      Level
   a - Irradiate                      Conjuration/Transmutation    5
   b - Statue Form                    Transmutation/Earth          6
   c - Hydra Form                     Transmutation                6
   d - Dragon Form                    Transmutation                7
 p - a book of Dreams

   Spells                             Type                      Level
   a - Ensorcelled Hibernation        Hexes/Ice                    2
   b - Silence                        Hexes/Air                    5
   c - Darkness                       Hexes                        6
   d - Shadow Creatures               Summoning                    6
Miscellaneous
 U - 2 boxes of beasts
Comestibles
 d - 15 bread rations
 r - a royal jelly
 z - 14 meat rations
 P - 20 fruits


   Skills:
 + Level 15.0 Fighting
 - Level 10.2 Armour
 + Level 16.3 Dodging
 + Level 15.7 Unarmed Combat
 + Level 9.5 Spellcasting
 - Level 11.2 Summonings
 - Level 15.0 Transmutations
 - Level 11.4 Invocations


You had 4 spell levels left.
You knew the following spells:

 Your Spells              Type           Power        Failure   Level  Hunger
a - Ice Form              Ice/Tmut       ######..     1%          4    None
b - Sticks to Snakes      Tmut           #######.     0%          2    None
c - Spider Form           Tmut/Pois      ######....   1%          3    None
d - Blade Hands           Tmut           #######...   1%          5    ###....
e - Shadow Creatures      Summ           N/A          1%          6    #####..
f - Dragon Form           Tmut           #######...   1%          7    ######.
Y - Statue Form           Tmut/Erth      ######...    8%          6    #####..


Dungeon Overview and Level Annotations

Branches:
Dungeon (15/15)            Temple (1/1) D:5            Lair (6/6) D:11
 Shoals (4/4) Lair:4        Snake (4/4) Lair:4        Slime (0/5) Lair:5
    Orc (2/2) D:11         Vaults (0/5) D:13         Depths (0/5) D:15
    Elf: Orc:2

Altars:
Ashenzari
Cheibriados
Dithmenos
Elyvilon
Fedhas
Gozag
Hepliaklqana
Kikubaaqudgha
Makhleb
Okawaru
Qazlal
Ru
Trog
Uskayaw
Xom
Yredelemnul
Zin
Beogh

Shops:
D:10 %   D:11 (   D:13 [   Orc:2 }[   Snake:1 }=}

Annotations:
Shoals:4 Ilsuiw
Orc:2 Saint Roka


Message History

* * * LOW HITPOINT WARNING * * *
x2 The merfolk throws a tomahawk.
The tomahawk hits you.
* * * LOW HITPOINT WARNING * * *
You hear a splash.
The snapping turtle bites you.
* * * LOW HITPOINT WARNING * * *
Unknown command.
Unknown command.
Unknown command.
Unknown command.
Unknown command.
Unknown command.
You don't have enough magic at the moment.
Blink to where?
Press: ? - help, Dir - move target cursor You are very lightly contaminated with residual magic.
As you read the scroll of blinking, it crumbles to dust.
The merfolk javelineer throws a steel javelin.
The steel javelin hits you!!
You die...

#≈≈≈≈≈≈≈≈≈≈..≈≈..
#≈≈§tm≈≈≈..≈≈≈≈..
#≈≈(≈≈≈≈≈≈≈≈≈≈...
#≈≈≈≈≈≈≈≈≈≈≈≈≈...
#≈≈≈≈≈≈≈≈≈≈≈≈≈≈..
#≈≈≈≈≈≈≈≈≈≈≈≈≈≈
#≈≈≈≈≈≈≈≈≈≈≈≈≈≈
#≈≈≈≈≈≈≈≈≈≈≈≈≈≈
#D≈≈≈≈≈≈≈≈≈≈≈≈≈
#≈≈≈≈≈≈≈≈≈≈≈≈≈≈
#≈≈≈≈≈≈≈≈≈≈≈≈≈#
#≈≈≈≈≈≈≈≈≈≈≈≈≈#
#≈≈≈≈≈≈≈≈≈≈≈≈≈#
#≈≈≈≈≈≈≈≈≈≈≈≈≈#
#≈≈≈≈†≈)≈≈≈≈≈≈#
#≈≈≈≈≈†≈≈≈≈≈≈≈≈
#≈≈≈≈≈†≈≈≈≈≈...


You could see a merfolk javelineer and a snapping turtle.

Vanquished Creatures
  Nikola (Snake:3)
  Asterion (Snake:3)
  Agnes (Snake:1)
  A kraken (Shoals:1)
  Gastronok (Lair:2)
  Kirke (Lair:6)
  9 nagarajas
  Aizul (Snake:2)
  3 orc warlords (Orc:1)
  Nessos (D:15)
  The ghost of Patate the Unseen, a journeyman SpEn of Okawaru (Bailey)
  Azrael (D:15)
  3 merfolk javelineers
  A fire dragon (D:15)
  A merfolk impaler (Shoals:3)
  Snorg (D:12)
  3 ice dragons
  6 hydras
  13 naga warriors
  2 alligator snapping turtles (Shoals:4)
  2 catoblepae
  3 merfolk aquamancers
  9 anacondas
  2 merfolk avatars
  2 ogre magi (D:13)
  A death knight (D:8)
  3 satyrs (Shoals:2)
  13 two-headed ogres
  A tengu warrior (D:13)
  A death yak (Shoals:2)
  9 shock serpents
  21 naga sharpshooters
  Sonja (Lair:4)
  A skeletal warrior (D:13)
  11 sea snakes
  4 salamander mystics
  4 naga ritualists
  5 harpies (Shoals:3)
  3 orc knights
  6 mana vipers
  11 manticores
  13 slime creatures
  14 ugly things
  A deep elf mage (D:12)
  16 fauns
  7 elephants
  5 guardian serpents
  4 cyclopes (D:15)
  14 salamanders
  9 merfolk sirens
  2 ice statues (IceCv)
  4 water nymphs
  28 naga magi
  Joseph (Lair:1)
  38 black mambas
  A gargoyle (D:15)
  17 spiny frogs
  An efreet (D:15)
  A kobold demonologist (D:13)
  12 komodo dragons
  5 rime drakes
  4 yaktaurs (D:13)
  2 tengu conjurers (D:13)
  6 trolls
  5 wind drakes
  2 hornets
  15 merfolk
  5 dream sheep (Lair:1)
  17 hippogriffs
  12 blink frogs
  5 snapping turtles
  Sigmund (D:4)
  A shadow (D:12)
  A spriggan (shapeshifter) (D:12)
  11 water elementals
  2 wraiths
  49 yaks
  3 fire elementals (D:15)
  3 wyverns
  5 hogs (Lair:6)
  2 basilisks
  5 hungry ghosts
  3 wargs
  6 vampire mosquitoes
  47 nagas
  A soldier ant (D:13)
  An acid dragon (D:13)
  16 water moccasins
  12 porcupines
  3 hell hounds (D:15)
  A floating eye (D:9)
  An eye of draining (D:13)
  A phantom (D:8)
  37 orc warriors
  2 black bears
  A sky beast (D:6)
  A hornet zombie (D:14)
  18 ice beasts
  18 ogres
  5 necrophages (Lair:3)
  9 centaurs
  6 wolves (Lair:3)
  6 crocodiles
  2 big kobolds (D:13)
  20 bullfrogs
  A water moccasin zombie (D:10)
  3 wyvern skeletons
  6 scorpions
  9 killer bees
  3 wights (D:15)
  2 vampire bats (D:14)
  3 electric eels (Lair:4)
  5 howler monkeys
  8 crimson imps
  2 bullfrog zombies
  4 centaur zombies
  A quasit (D:6)
  9 hounds
  A gnoll shaman (D:5)
  9 jellies
  21 orc priests
  9 centaur skeletons
  7 iguanas
  A bullfrog skeleton (D:4)
  20 orc wizards
  Ijyb (D:4)
  9 worker ants
  A worker ant zombie (D:8)
  10 gnolls
  21 adders
  3 shadow imps
  6 oozes
  2 adder skeletons
  2 worms
  A dart slug (D:1)
  10 leopard geckos
  103 orcs
  2 giant cockroaches
  4 goblins (D:2)
  3 hobgoblins (D:2)
  11 jackals
  3 quokkas
  A ball python (Lair:4)
  11 bats
  3 frilled lizards
  A giant cockroach zombie (D:5)
  9 kobolds
  5 rats
  A plant (Shoals:2)
  2 tentacles (Shoals:1)
1080 creatures vanquished.

Vanquished Creatures (collateral kills)
  Polyphemus (Shoals:2)
  Louise (Shoals:2)
  A merfolk impaler (Shoals:4)
  A merfolk javelineer (Shoals:4)
  A two-headed ogre (D:9)
  A death yak (Shoals:2)
  A shock serpent (Snake:2)
  A sea snake (Shoals:4)
  A naga ritualist (Snake:4)
  A harpy (Shoals:4)
  An orc knight (Orc:1)
  A salamander (Snake:4)
  A black mamba (Snake:4)
  A guardian serpent (Snake:4)
  3 naga magi (Snake:4)
  2 merfolk (Shoals:2)
  A snapping turtle (Shoals:4)
  5 nagas (Snake:4)
  A water moccasin (Lair:3)
  2 orc warriors (Orc:1)
  An ogre (Orc:2)
  A crocodile (Lair:2)
  An adder (D:9)
  5 orcs
  A plant (Shoals:2)
37 creatures vanquished.

Vanquished Creatures (others)
  2 satyrs (Shoals:3)
  A naga sharpshooter (Snake:4)
  A faun (Shoals:2)
  A bullfrog (Lair:5)
  An orc (Orc:1)
  A bush (Lair:3)
  17 fungi
  13 plants
  2 tentacles (Shoals:1)
39 creatures vanquished.

Grand Total: 1156 creatures vanquished

Notes
Turn   | Place    | Note
-------+----------+-------------------------------------------
     0 | D:1      | Gorglomux the Merfolk Transmuter began the quest for the Orb.
     0 | D:1      | Reached XP level 1. HP: 15/15 MP: 3/3
   406 | D:1      | Reached skill level 3 in Transmutations
   737 | D:1      | Reached XP level 2. HP: 21/21 MP: 1/5
   767 | D:1      | Learned a level 2 spell: Sticks to Snakes
  1543 | D:2      | Reached XP level 3. HP: 17/26 MP: 1/6
  1548 | D:2      | Learned a level 3 spell: Spider Form
  1881 | D:2      | Reached XP level 4. HP: 32/32 MP: 3/7
  2707 | D:3      | Reached XP level 5. HP: 37/37 MP: 4/8
  2834 | D:3      | Noticed a centaur
  2849 | D:3      | Killed a centaur
  3039 | D:4      | Noticed an ogre
  3049 | D:4      | Killed an ogre
  3049 | D:4      | Reached XP level 6. HP: 37/46 MP: 5/9
  3172 | D:4      | Reached skill level 6 in Transmutations
  3239 | D:4      | Noticed Ijyb
  3251 | D:4      | Killed Ijyb
  3251 | D:4      | Reached skill level 3 in Fighting
  3255 | D:4      | Reached skill level 6 in Unarmed Combat
  3314 | D:4      | Noticed Sigmund
  3330 | D:4      | Reached XP level 7. HP: 50/52 MP: 4/10
  3351 | D:4      | Killed Sigmund
  3896 | D:5      | Entered Level 5 of the Dungeon
  4179 | D:5      | Found a staircase to the Ecumenical Temple.
  4196 | Temple   | Entered the Ecumenical Temple
  4301 | Temple   | Became a worshipper of Cheibriados the Contemplative
  4409 | D:5      | Reached XP level 8. HP: 52/60 MP: 8/11
  4462 | D:5      | Learned a level 5 spell: Blade Hands
  4753 | D:5      | Found a basalt altar of Yredelemnul.
  4911 | D:6      | Reached skill level 3 in Spellcasting
  4986 | D:6      | Reached * piety under Cheibriados
  5439 | D:7      | Noticed a wyvern
  5447 | D:7      | Killed a wyvern
  5752 | D:7      | Reached skill level 9 in Transmutations
  5752 | D:7      | Reached XP level 9. HP: 65/65 MP: 9/15
  5757 | D:7      | Reached ** piety under Cheibriados
  6124 | D:8      | Noticed a two-headed ogre
  6135 | D:8      | Killed a two-headed ogre
  6135 | D:8      | Reached skill level 4 in Dodging
  6135 | D:8      | Reached skill level 9 in Unarmed Combat
  6363 | D:8      | Reached skill level 1 in Invocations
  6452 | D:8      | Reached XP level 10. HP: 55/73 MP: 16/18
  6485 | D:8      | Got a twisted plate armour
  6539 | D:8      | Reached skill level 5 in Dodging
  6621 | D:8      | Noticed a death knight
  6637 | D:8      | Reached *** piety under Cheibriados
  6637 | D:8      | Reached skill level 3 in Invocations
  6757 | D:8      | Killed a death knight
  6895 | D:8      | Reached skill level 6 in Dodging
  7205 | D:8      | Noticed a two-headed ogre
  7215 | D:8      | Killed a two-headed ogre
  7215 | D:8      | Reached skill level 6 in Fighting
  7405 | D:9      | Noticed a two-headed ogre
  7431 | D:9      | Killed a two-headed ogre
  7431 | D:9      | Reached skill level 7 in Dodging
  7725 | D:9      | Identified the +6 plate armour of the Slightly Bent {*Contam rF+ Str+4} (You found it on level 8 of the Dungeon)
  7766 | D:9      | Found a hazy altar of Hepliaklqana.
  8055 | D:9      | Reached XP level 11. HP: 42/83 MP: 17/19
  8366 | D:9      | Reached **** piety under Cheibriados
  8410 | D:9      | Reached skill level 1 in Armour
  8412 | D:9      | Noticed a two-headed ogre
  8412 | D:9      | Paralysed by a floating eye for 2 turns
  8727 | D:9      | Noticed a two-headed ogre
  8756 | D:9      | Killed a two-headed ogre
  8756 | D:9      | Reached skill level 6 in Spellcasting
  8762 | D:9      | Killed a two-headed ogre
  8925 | D:9      | Noticed a two-headed ogre
  8931 | D:9      | Killed a two-headed ogre
  9174 | D:9      | Paralysed by a hornet for 2 turns
  9426 | D:9      | Noticed a two-headed ogre
  9431 | D:9      | Killed a two-headed ogre
  9532 | D:10     | Entered Level 10 of the Dungeon
  9572 | D:10     | Reached skill level 3 in Armour
  9798 | D:10     | Reached ***** piety under Cheibriados
  9827 | D:10     | Found Ruestreus's Food Boutique.
  9894 | D:10     | You fall through a shaft!
  9973 | D:10     | Found a flagged portal.
  9981 | D:10     | Noticed a two-headed ogre
  9982 | Bailey   | Entered a bailey
 10018 | Bailey   | Noticed Patate's ghost (journeyman SpEn)
 10051 | Bailey   | Killed Patate's ghost
 10051 | Bailey   | Reached skill level 12 in Transmutations
 10205 | Bailey   | Got an ancient shield
 10211 | Bailey   | Identified the cursed +0 shield "Caimufen" {Stlth+} (You found it in a bailey)
 10298 | D:10     | Killed a two-headed ogre
 10298 | D:10     | Reached XP level 12. HP: 53/89 MP: 20/23
 10594 | D:11     | Found a staircase to the Orcish Mines.
 10613 | D:11     | Found a roughly hewn altar of Beogh.
 10845 | D:11     | Found Ohyg's Antique Weapon Emporium.
 10912 | D:11     | Found a staircase to the Lair.
 11122 | D:11     | Noticed a two-headed ogre
 11126 | D:11     | Killed a two-headed ogre
 11177 | Lair:1   | Entered Level 1 of the Lair of Beasts
 11243 | Lair:1   | You fall through a shaft!
 11377 | Lair:1   | Reached ****** piety under Cheibriados
 11660 | Lair:1   | Reached skill level 9 in Spellcasting
 11700 | Lair:1   | Noticed Joseph
 11706 | Lair:1   | Killed Joseph
 11933 | Lair:1   | Reached skill level 6 in Armour
 11952 | Lair:1   | Reached skill level 6 in Invocations
 11954 | Lair:1   | Reached XP level 13. HP: 21/96 MP: 22/26
 12298 | Lair:1   | Learned a level 4 spell: Ice Form
 12754 | Lair:2   | Noticed Gastronok
 12764 | Lair:2   | Killed Gastronok
 14328 | Lair:3   | Reached skill level 15 in Transmutations
 14719 | Lair:4   | Reached skill level 9 in Fighting
 14900 | Lair:4   | Found a staircase to the Snake Pit.
 14920 | Lair:4   | Found a frozen archway.
 14937 | IceCv    | Entered an ice cave
 14963 | IceCv    | Reached skill level 8 in Dodging
 14986 | IceCv    | Reached XP level 14. HP: 108/108 MP: 24/27
 15468 | Lair:4   | Noticed Sonja
 15471 | Lair:4   | Killed Sonja
 15552 | Lair:4   | Found a staircase to the Shoals.
 15557 | Lair:4   | Reached skill level 9 in Invocations
 15562 | Lair:4   | Reached skill level 9 in Dodging
 16372 | Lair:5   | Found a staircase to the Slime Pits.
 16489 | Lair:5   | Learned a level 6 spell: Shadow Creatures
 16776 | Lair:6   | Entered Level 6 of the Lair of Beasts
 16822 | Lair:6   | Reached skill level 1 in Summonings
 17197 | Lair:6   | Noticed Kirke
 17211 | Lair:6   | Killed Kirke
 17211 | Lair:6   | Reached skill level 10 in Dodging
 17625 | D:12     | Noticed Snorg
 17633 | D:12     | Killed Snorg
 17633 | D:12     | Reached skill level 12 in Unarmed Combat
 17881 | D:12     | Reached skill level 3 in Summonings
 18466 | D:13     | Reached XP level 15. HP: 117/117 MP: 25/28
 18680 | D:13     | Reached skill level 11 in Dodging
 18994 | D:13     | Found Varch's Antique Armour Shop.
 19382 | D:13     | Found a gate to the Vaults.
 20310 | D:14     | Found a blossoming altar of Fedhas.
 20682 | D:15     | Entered Level 15 of the Dungeon
 20805 | D:15     | Noticed Azrael
 20812 | D:15     | Killed Azrael
 21138 | D:15     | Found a staircase to the Depths.
 21283 | D:15     | Noticed Nessos
 21296 | D:15     | Killed Nessos
 21296 | D:15     | Reached skill level 12 in Dodging
 21699 | Orc:1    | Entered Level 1 of the Orcish Mines
 21710 | Orc:1    | Noticed an orc warlord
 22105 | Orc:1    | Killed an orc warlord
 22105 | Orc:1    | Reached skill level 12 in Fighting
 22257 | Orc:1    | Reached skill level 6 in Summonings
 22368 | Orc:1    | Noticed an orc warlord
 22382 | Orc:1    | Killed an orc warlord
 22382 | Orc:1    | Reached XP level 16. HP: 91/127 MP: 15/29
 22840 | Orc:2    | Entered Level 2 of the Orcish Mines
 22897 | Orc:2    | Found Ipyjacwa's Gadget Emporium.
 23008 | Orc:2    | Noticed Saint Roka
 23014 | Orc:2    | Found Umarayl's Antique Armour Boutique.
 23214 | Snake:1  | Entered Level 1 of the Snake Pit
 23765 | Snake:1  | Noticed Agnes
 23773 | Snake:1  | Killed Agnes
 23952 | Snake:1  | Found Eteeru's Gadget Boutique.
 23953 | Snake:1  | Found Ludwixar's Jewellery Shoppe.
 23954 | Snake:1  | Found Jasa's Gadget Boutique.
 24356 | Snake:2  | Noticed Aizul
 24367 | Snake:2  | Killed Aizul
 25174 | Snake:2  | Noticed a nagaraja
 25181 | Snake:2  | Killed a nagaraja
 25184 | Snake:2  | Reached skill level 13 in Dodging
 26277 | Shoals:1 | Entered Level 1 of the Shoals
 26847 | Shoals:1 | Reached XP level 17. HP: 114/136 MP: 25/30
 27074 | Shoals:1 | Noticed a kraken
 27084 | Shoals:1 | Killed a kraken
 27556 | Shoals:2 | Reached skill level 14 in Dodging
 28107 | Shoals:2 | Noticed Louise
 28534 | Shoals:2 | Noticed Polyphemus
 28556 | Shoals:2 | Killed Polyphemus
 28583 | Shoals:2 | HP: 2/164 [death yak[Polyphemus] (20)]
 29120 | Shoals:2 | Killed Louise
 29120 | Shoals:2 | Reached skill level 9 in Summonings
 30517 | Snake:3  | Reached skill level 9 in Armour
 30755 | Snake:3  | Noticed Nikola
 30787 | Snake:3  | Killed Nikola
 31094 | Snake:3  | Noticed Asterion
 31106 | Snake:3  | Killed Asterion
 31528 | Snake:3  | Reached skill level 15 in Dodging
 31734 | Snake:3  | Reached XP level 18. HP: 145/145 MP: 31/31
 31968 | Snake:4  | Entered Level 4 of the Snake Pit
 32341 | Snake:4  | Reached skill level 15 in Unarmed Combat
 33736 | Snake:4  | Identified a scroll of acquirement
 34211 | Snake:4  | Learned a level 7 spell: Dragon Form
 34267 | Snake:4  | Learned a level 6 spell: Statue Form
 34623 | Snake:4  | Got a serpentine rune of Zot
 35356 | D:14     | Got a brightly glowing robe
 35362 | D:14     | Identified the +1 robe of Ufich {rC+ Stlth+} (You found it on level 14 of the Dungeon)
 35454 | D:13     | Bought a steaming robe for 102 gold pieces
 35464 | D:13     | Identified the +1 robe of Bown {*Corrode rN+ Regen+ Int+3} (You bought it in a shop on level 13 of the Dungeon)
 35932 | Shoals:3 | Reached XP level 19. HP: 153/153 MP: 25/32
 36315 | Shoals:3 | Reached skill level 16 in Dodging
 36499 | Shoals:4 | Entered Level 4 of the Shoals
 36620 | Shoals:4 | Noticed Ilsuiw
 36975 | Shoals:4 | Reached skill level 15 in Fighting
 36997 | Shoals:4 | Hit by a steel javelin thrown by a merfolk javelineer

Skill      XL: |  1  2  3  4  5  6  7  8  9 10 11 12 13 14 15 16 17 18 19 |
---------------+----------------------------------------------------------+-----
Transmutations | 3 4 5 6 7 9 10 12 14 15 | 15.0
Unarmed Combat | 4 5 6 8 9 10 11 12 13 14 15 | 15.7
Fighting       | 2 3 4 6 7 9 10 12 13 14 15 | 15.0
Spellcasting   | 4 5 7 9 |  9.5
Dodging        | 4 7 8 10 12 13 15 16 | 16.3
Invocations    | 2 5 6 8 10 11 | 11.4
Armour         | 4 6 7 8 9 10 | 10.2
Summonings     | 3 6 8 9 11 | 11.2

Action                   |  1- 3 |  4- 6 |  7- 9 | 10-12 | 13-15 | 16-18 | 19-21 || total
-------------------------+-------+-------+-------+-------+-------+-------+-------++-------
Melee: Unarmed           |   104 |   110 |   254 |   554 |   869 |   934 |    55 ||  2880
       Headbutt          |     3 |       |     1 |       |       |       |       ||     4
       Punch             |     1 |       |     1 |     9 |    52 |    81 |     4 ||   148
       Tailslap          |       |       |       |       |     1 |    38 |    14 ||    53
       Bite              |       |       |       |       |       |     8 |     7 ||    15
 Cast: Beastly Appendage |    13 |     1 |     1 |       |       |       |       ||    15
       Sticks to Snakes  |     4 |       |     1 |     8 |    17 |    18 |     2 ||    50
       Spider Form       |     4 |    19 |    31 |    47 |     6 |     1 |       ||   108
       Blade Hands       |       |       |     3 |    17 |    98 |    95 |       ||   213
       Ice Form          |       |       |       |       |    13 |     5 |       ||    18
       Shadow Creatures  |       |       |       |       |       |    15 |     6 ||    21
       Dragon Form       |       |       |       |       |       |     9 |    10 ||    19
       Statue Form       |       |       |       |       |       |     7 |       ||     7
Invok: Slouch            |       |       |       |     1 |     7 |    10 |     2 ||    20
       Temporal Distorti |       |       |       |     1 |       |     7 |       ||     8
       Step From Time    |       |       |       |       |     2 |     3 |       ||     5
 Abil: End Transformatio |       |       |       |     3 |    10 |     6 |       ||    19
       Breathe Fire      |       |       |       |       |       |     5 |     6 ||    11
Evoke: Wand              |       |       |       |     2 |     2 |    11 |       ||    15
  Use: Scroll            |       |       |    14 |     7 |    10 |    23 |     2 ||    56
       Potion            |       |       |       |     2 |       |    10 |       ||    12
 Stab: Sleeping          |       |     1 |     1 |     1 |     1 |     1 |     1 ||     6
       Distracted        |       |       |       |     2 |     2 |     5 |     1 ||    10
  Eat: Chunk             |     4 |     7 |    13 |    37 |    28 |    22 |     6 ||   117
       Royal jelly       |       |       |       |       |       |     5 |       ||     5
       Fruit             |       |       |       |       |       |     8 |       ||     8
       Meat ration       |       |       |       |       |       |     2 |       ||     2
Armor: Robe              |    17 |     1 |    13 |     1 |       |       |       ||    32
       Skin              |       |     9 |     4 |     6 |    23 |    64 |    18 ||   124
       Plate armour      |       |       |       |   125 |   278 |   220 |       ||   623
Dodge: Dodged            |    98 |   107 |   200 |   459 |   642 |   922 |    84 ||  2512
Block: Other             |       |       |       |    89 |   243 |   275 |    21 ||   628
       Reflection        |       |       |       |     1 |    13 |    48 |    11 ||    73
